 Dungeon Crawl Stone Soup version 0.29.0-15-g675c0067aa (webtiles) character file.

Game seed: 8667604739571236486

5752 Tiocfaidh the Skirmisher (level 10, -2/79 HPs)
             Began as a Gnoll Hunter on Sept 10, 2022.
             Was a Believer of Makhleb.
             Slain by an unseen horror (4 damage)
             ... on level 12 of the Dungeon on Sept 11, 2022.
             The game lasted 01:06:20 (11095 turns).

Tiocfaidh the Skirmisher (Gnoll Hunter)            Turns: 11095, Time: 01:06:21

Health: -2/79      AC: 11    Str: 12    XL:     10   Next: 77%
Magic:  18/18      EV: 19    Int: 10    God:    Makhleb [**....]
Gold:   551        SH:  0    Dex: 17    Spells: 20/20 levels left

rFire   + . .      SeeInvis .   w - +6 hand axe of Numetz {drain, rElec rC+ Stlth+}
rCold   + . .      Faith    .   (no shield)
rNeg    . . .      Spirit   .   r - +2 leather armour {Will+}
rPois   .          Reflect  .   (helmet restricted)
rElec   +          Harm     .   u - +0 cloak
rCorr   .          Rampage  .   b - +0 pair of gloves
Will    +....                   k - +0 pair of boots
Stlth   ++++......              (no amulet)
HPRegen 0.23/turn               q - ring of wizardry
MPRegen 0.16/turn               d - +4 ring of evasion

@: no status effects
A: fangs 1, strong nose, distributed training, horns 1, iridescent scales 1,
fire resistance 1
a: Renounce Religion, Minor Destruction


You were on level 12 of the Dungeon.
You worshipped Makhleb.
Makhleb was pleased with you.
You visited 2 branches of the dungeon, and saw 13 of its levels.

You collected 551 gold pieces.

Inventory:

Hand Weapons
 a - a +2 shortbow of venom
 w - the +6 hand axe of Numetz (weapon) {drain, rElec rC+ Stlth+}
   (You took it off a hobgoblin on level 4 of the Dungeon)

   A truly terrible weapon, it drains the life of any living foe it strikes.
   rC:        It protects you from cold.
   rElec:     It insulates you from electricity.
   Stlth:     It makes you more stealthy.
Missiles
 e - a throwing net
 m - 8 boomerangs (quivered)
Armour
 b - a +0 pair of gloves (worn)
 k - a +0 pair of boots (worn)
 l - an orb of mayhem
 r - a +2 leather armour of willpower (worn)
 u - a +0 cloak (worn)
Jewellery
 d - a +4 ring of evasion (right hand)
 q - a ring of wizardry (left hand)
Wands
 n - a wand of quicksilver (10)
 o - a wand of paralysis (21)
Scrolls
 j - 5 scrolls of magic mapping
 p - a scroll of butterflies
 x - 2 scrolls of amnesia
 y - a scroll of silence {unknown}
Potions
 c - 3 potions of cancellation
 g - a potion of resistance
 h - 2 potions of curing
 i - 2 potions of brilliance {unknown}
 s - a potion of invisibility {unknown}
 t - a potion of ambrosia
 v - 3 potions of mutation
 z - a potion of berserk rage {unknown}
 A - a potion of flight
 B - a potion of haste {unknown}
 C - 2 potions of might {unknown}


   Skills:
 + Level 7.5 Fighting
 + Level 5.8 Short Blades
 + Level 5.8 Long Blades
 + Level 5.8 Axes
 + Level 5.8 Maces & Flails
 + Level 5.8 Polearms
 + Level 5.8 Staves
 + Level 10.3 Ranged Weapons
 + Level 5.8 Throwing
 + Level 5.8 Armour
 + Level 7.5 Dodging
 + Level 6.3 Stealth
 + Level 5.8 Shields
 + Level 5.8 Unarmed Combat
 + Level 5.8 Spellcasting
 + Level 4.8 Conjurations
 + Level 4.8 Hexes
 + Level 4.8 Summonings
 + Level 4.8 Necromancy
 + Level 4.8 Translocations
 + Level 4.8 Transmutations
 + Level 4.8 Fire Magic
 + Level 4.8 Ice Magic
 + Level 4.8 Air Magic
 + Level 4.8 Earth Magic
 + Level 4.8 Poison Magic
 + Level 6.4 Invocations
 + Level 5.8 Evocations


You had 20 spell levels left.
You didn't know any spells.
Your spell library contained the following spells:

 Spells                   Type           Power      Damage    Failure   Level
 Dazzling Flash           Conj/Hex       24%        N/A       4%          3
 Anguish                  Hex/Necr       6%         N/A       16%         4
 Iskenderun's Mystic Bla  Conj/Tloc      12%        2d5       16%         4
 Agony                    Necr           12%        N/A       38%         5
 Silence                  Hex/Air        6%         N/A       38%         5
 Starburst                Conj/Fire      6%         6d4       89%         6
 Enfeeble                 Hex            6%         N/A       100%        7


Dungeon Overview and Level Annotations

Branches:
Dungeon (12/15)            Temple (1/1) D:4            Lair (0/5) D:8
    Orc: D:9-12

Altars:
Ashenzari
Cheibriados
Dithmenos
Elyvilon
Fedhas
Gozag
Hepliaklqana
Kikubaaqudgha
Makhleb
Nemelex Xobeh
Okawaru
Qazlal
Ru
Sif Muna
Trog
Uskayaw
Vehumet
Wu Jian
Xom
Yredelemnul
Zin
The Shining One

Shops:
D:5 (

Annotations:
D:9 Harold


Innate Abilities, Weirdness & Mutations

You have very sharp teeth.
Your uncanny sense of smell can sniff out nearby items.
Your experience applies equally to all skills.
You have a pair of small horns on your head.
You are partially covered in iridescent scales. (AC +2)
Your flesh is heat resistant. (rF+)


Message History

The cyclops misses you.
You barely miss the steam dragon.
You bite the steam dragon, but do no damage.
The steam dragon is severely wounded.
You hit the cyclops. You drain the cyclops.
The steam dragon closely misses you. The steam dragon misses you.
The cyclops hits you!!
* * * LOW HITPOINT WARNING * * *
As you read the scroll of fear, it crumbles to dust.
You assume a fearsome visage.
The cyclops looks frightened!
The wraith is unaffected.
The steam dragon looks frightened!
The wraith is engulfed in a cloud of scalding steam.
You strike the helpless cyclops from behind!
You slash the cyclops! You drain the cyclops.
Your attack snaps the cyclops out of its fear.
You headbutt the cyclops, but do no damage.
The cyclops is heavily wounded.
You closely miss the wraith. The wraith hits you but does no damage.
The wraith hits you.
* * * LOW HITPOINT WARNING * * *
Things that are here:
a +0 dagger; a +0 robe; an orc corpse The wraith attacks as you move away!
The wraith closely misses you.
There is a stone staircase leading down here.
Okay, then.
The wraith hits you!
* * * LOW HITPOINT WARNING * * *
You climb downwards.
Found a stone staircase leading down.
There is a stone staircase leading up here.
Okay, then.
Aiming: Paralyse
Press: ? - help, Shift-Dir - straight line, f - wraith
Aim: a wraith (moderately damaged, chance to affect: 28%)
The wraith easily resists.
The two-headed ogre shouts in stereo!
The wraith barely misses you. The wraith misses you. Something hits you.
You die...

#.... #...#
#...## ∆ #....
##.>.####
+.......# #
#.WO...#
#...##......###
#......@......+
#######.#######
#.# #.# #.# #+#


You could see a two-headed ogre and a wraith.

Vanquished Creatures
  Joseph (D:8)
  Maggie (D:7)
  A shadow (D:5)
  4 wyverns
  Grum (D:8)
  3 yaks (D:8)
  An acid dragon (D:9)
  4 orc warriors
  4 sky beasts
  An ice beast (D:5)
  2 black bears
  4 wolves (D:8)
  A centaur (D:9)
  2 ogres
  A phantom (D:4)
  6 kobold brigands
  A bullfrog (D:7)
  3 scorpions
  9 wights
  3 killer bees (D:8)
  2 howler monkeys (D:7)
  A jelly (D:5)
  2 hounds
  Crazy Yiuf (D:5)
  4 orc priests
  2 iguanas (D:6)
  Natasha (thrice) (D:4)
  5 orc wizards
  5 adders
  A shadow imp (D:6)
  2 ufetubi
  3 worms
  2 dart slugs
  43 orcs
  2 bats (D:3)
  7 endoplasms
  A giant cockroach (D:2)
  7 goblins
  9 hobgoblins
  2 jackals (D:4)
  13 kobolds
  2 quokkas
  3 ball pythons
  3 frilled lizards
178 creatures vanquished.

Vanquished Creatures (others)
  A killer bee (D:11)
  A white imp (D:6)
2 creatures vanquished.

Grand Total: 180 creatures vanquished

Notes
Turn   | Place    | Note
-------+----------+-------------------------------------------
     0 | D:1      | Tiocfaidh the Gnoll Hunter began the quest for the Orb.
     0 | D:1      | Reached XP level 1. HP: 20/20 MP: 1/1
    28 | D:1      | Upgraded the game from 0.29.0-13-gc9e81de378 to
                  | 0.29.0-15-g675c0067aa
   767 | D:1      | Reached XP level 2. HP: 26/26 MP: 2/2
  1085 | D:2      | Found a faded altar of an unknown god.
  1455 | D:2      | Reached XP level 3. HP: 31/31 MP: 3/3
  1614 | D:2      | Reached skill level 1 in Invocations
  1881 | D:3      | Reached skill level 1 in Short Blades
  1881 | D:3      | Reached skill level 1 in Long Blades
  1881 | D:3      | Reached skill level 1 in Axes
  1881 | D:3      | Reached skill level 1 in Maces & Flails
  1881 | D:3      | Reached skill level 1 in Polearms
  1881 | D:3      | Reached skill level 1 in Staves
  1881 | D:3      | Reached skill level 1 in Throwing
  1881 | D:3      | Reached skill level 1 in Armour
  1881 | D:3      | Reached skill level 1 in Shields
  1881 | D:3      | Reached skill level 1 in Unarmed Combat
  1881 | D:3      | Reached skill level 1 in Spellcasting
  1881 | D:3      | Reached skill level 1 in Evocations
  2147 | D:3      | Reached XP level 4. HP: 38/38 MP: 5/5
  2422 | D:3      | Reached skill level 1 in Conjurations
  2422 | D:3      | Reached skill level 1 in Hexes
  2422 | D:3      | Reached skill level 1 in Summonings
  2422 | D:3      | Reached skill level 1 in Necromancy
  2422 | D:3      | Reached skill level 1 in Translocations
  2422 | D:3      | Reached skill level 1 in Transmutations
  2422 | D:3      | Reached skill level 1 in Fire Magic
  2422 | D:3      | Reached skill level 1 in Ice Magic
  2422 | D:3      | Reached skill level 1 in Air Magic
  2422 | D:3      | Reached skill level 1 in Earth Magic
  2422 | D:3      | Reached skill level 1 in Poison Magic
  2641 | D:4      | Noticed Natasha
  2653 | D:4      | Killed Natasha
  2654 | D:4      | Reached XP level 5. HP: 24/43 MP: 5/7
  2827 | D:4      | Identified the +6 hand axe of Numetz {drain, rElec rC+
                  | Stlth+}
  3097 | D:4      | Noticed Natasha
  3107 | D:4      | Killed Natasha
  3428 | D:4      | Noticed Natasha
  3503 | D:4      | Reached XP level 6. HP: 50/50 MP: 8/8
  3524 | D:4      | Killed Natasha
  3532 | D:4      | Found a staircase to the Ecumenical Temple.
  3541 | Temple   | Entered the Ecumenical Temple
  3541 | Temple   | Found a transporter.
  3541 | Temple   | Found a transporter.
  3543 | Temple   | Found a transporter.
  3543 | Temple   | Found a transporter.
  3597 | Temple   | Became a worshipper of Makhleb the Destroyer
  3698 | D:4      | Found a radiant altar of Vehumet.
  3698 | D:4      | Found a blossoming altar of Fedhas.
  3737 | D:4      | Reached skill level 5 in Fighting
  3737 | D:4      | Reached skill level 5 in Dodging
  3891 | D:5      | Entered Level 5 of the Dungeon
  3988 | D:5      | Noticed a wyvern
  4163 | D:5      | Found a runed translucent door.
  4164 | D:5      | Noticed Crazy Yiuf
  4178 | D:5      | Killed Crazy Yiuf
  4247 | D:5      | Found a broken altar of Ashenzari.
  4318 | D:5      | Noticed an ice beast
  4327 | D:5      | Killed an ice beast
  4328 | D:5      | Reached XP level 7. HP: 50/56 MP: 10/10
  4487 | D:5      | Reached skill level 9 in Ranged Weapons
  4670 | D:5      | Found Carphatauf's Antique Weapon Emporium.
  4780 | D:5      | Noticed a shadow
  4785 | D:5      | Found a stormy altar of Qazlal.
  4800 | D:5      | Killed a shadow
  4801 | D:5      | Reached XP level 8. HP: 30/63 MP: 12/12
  5172 | D:5      | Found a shadowy altar of Dithmenos.
  5184 | D:5      | Killed a wyvern
  6236 | D:7      | Reached * piety under Makhleb
  6437 | D:7      | Reached XP level 9. HP: 67/69 MP: 14/14
  6745 | D:7      | Noticed Maggie
  7316 | D:7      | Reached skill level 5 in Stealth
  7624 | D:7      | Noticed a +0 hand axe
  7625 | D:7      | Found a hide-covered altar of Uskayaw.
  7625 | D:7      | Noticed a +0 hand axe
  7856 | D:7      | Killed Maggie
  7857 | D:7      | Reached skill level 5 in Invocations
  8172 | D:8      | Found a staircase to the Lair.
  8201 | D:8      | Reached ** piety under Makhleb
  8240 | D:8      | Noticed Joseph
  8540 | D:8      | Noticed Grum
  8556 | D:8      | Gained mutation: You have a pair of small horns on your
                  | head. [potion of mutation]
  8556 | D:8      | Gained mutation: Your flesh is heat resistant. (rF+)
                  | [potion of mutation]
  8556 | D:8      | Gained mutation: You are partially covered in iridescent
                  | scales. (AC +2) [potion of mutation]
  8565 | D:8      | Killed Joseph
  8566 | D:8      | Reached skill level 5 in Short Blades
  8566 | D:8      | Reached skill level 5 in Long Blades
  8566 | D:8      | Reached skill level 5 in Axes
  8566 | D:8      | Reached skill level 5 in Maces & Flails
  8566 | D:8      | Reached skill level 5 in Polearms
  8566 | D:8      | Reached skill level 5 in Staves
  8566 | D:8      | Reached skill level 10 in Ranged Weapons
  8566 | D:8      | Reached skill level 5 in Throwing
  8566 | D:8      | Reached skill level 5 in Armour
  8566 | D:8      | Reached skill level 5 in Shields
  8566 | D:8      | Reached skill level 5 in Unarmed Combat
  8566 | D:8      | Reached skill level 5 in Spellcasting
  8566 | D:8      | Reached skill level 5 in Evocations
  8566 | D:8      | Reached XP level 10. HP: 21/79 MP: 17/17
  9033 | D:8      | Found a faded altar of an unknown god.
  9033 | D:8      | Found a stormy altar of Qazlal.
  9039 | D:8      | Found an opulent altar of Gozag.
  9041 | D:8      | Found a white marble altar of Elyvilon.
  9042 | D:8      | Found a shadowy altar of Dithmenos.
  9215 | D:8      | Killed Grum
  9848 | D:9      | Noticed Harold
 11055 | D:10     | Entered Level 10 of the Dungeon
 11055 | D:10     | Found a shimmering blue altar of Sif Muna.
 11079 | D:11     | Noticed a cyclops
 11091 | D:11     | HP: 1/79 [wraith (9)]
 11092 | D:12     | Noticed a two-headed ogre
 11095 | D:12     | Slain by an unseen horror

Illustrated notes

Levels and vault maps discovered:
D:1:      shiori_arrival_maze, layout_basic, nicolae_hexahallways
D:2:      layout_basic, shapermc_ecumenical_altar_venn
D:3:      layout_loops_ring
D:4:      layout_loops_ring, nicolae_overflow_two_pavilions,
          lemuel_temple_firewalk_b, uniq_natasha
D:5:      layout_layer_cave, mainiacjoe_overflow_alcove_1, serial_shops, shop,
          supply_closet_lemuel, hangedman_feature_mirror,
          uniq_crazy_yiuf_cottage
D:6:      layout_rooms
D:7:      layout_layer_cave, dancing_weapons_uskayaw, uniq_maggie
D:8:      layout_basic, chequers_temple_overflow_minitemple, lair_entry_dummy,
          uniq_joseph, uniq_grum
D:9:      layout_long_grid, minmay_chambers_of_fives, uniq_harold
D:10:     minmay_spotlight, layout_cave_pools, nicolae_sif_muna_condensation,
          minmay_stone_trees_small, lemuel_old_faithful
D:11:     layout_gridville, uniq_amaemon
D:12:     minmay_expanding_squares, layout_basic, orc_0_dummy
Temple:   hellmonk_temple_divided_pantheon

Skill      XL: |  1  2  3  4  5  6  7  8  9 10 |
---------------+-------------------------------+-----
Invocations    | 1 2 3 4 5 6 |  6.4
Short Blades   | 1 2 3 5 |  5.8
Long Blades    | 1 2 3 5 |  5.8
Axes           | 1 2 3 5 |  5.8
Maces & Flails | 1 2 3 5 |  5.8
Polearms       | 1 2 3 5 |  5.8
Staves         | 1 2 3 5 |  5.8
Throwing       | 1 2 3 5 |  5.8
Armour         | 1 2 3 5 |  5.8
Shields        | 1 2 3 5 |  5.8
Unarmed Combat | 1 2 3 5 |  5.8
Spellcasting   | 1 2 3 5 |  5.8
Evocations     | 1 2 3 5 |  5.8
Conjurations   | 1 2 3 4 |  4.8
Hexes          | 1 2 3 4 |  4.8
Summonings     | 1 2 3 4 |  4.8
Necromancy     | 1 2 3 4 |  4.8
Translocations | 1 2 3 4 |  4.8
Transmutations | 1 2 3 4 |  4.8
Fire Magic     | 1 2 3 4 |  4.8
Ice Magic      | 1 2 3 4 |  4.8
Air Magic      | 1 2 3 4 |  4.8
Earth Magic    | 1 2 3 4 |  4.8
Poison Magic   | 1 2 3 4 |  4.8
Stealth        | 3 4 5 6 |  6.3
Fighting       | 5 6 7 |  7.5
Dodging        | 5 6 7 |  7.5
Ranged Weapons | 9 10 | 10.3

Action                   |  1- 3 |  4- 6 |  7- 9 | 10-12 || total
-------------------------+-------+-------+-------+-------++-------
Melee: Dagger            |       |    29 |       |       ||    29
       Bite              |       |    12 |    29 |    31 ||    72
       Punch             |       |     5 |     7 |     8 ||    20
       Hand axe          |       |    66 |   161 |   159 ||   386
       Mace              |       |     1 |       |       ||     1
       Headbutt          |       |       |     2 |    34 ||    36
 Fire: Shortbow          |    67 |    53 |   116 |    43 ||   279
Throw: Boomerang         |       |     7 |    13 |    14 ||    34
Evoke: Wand              |       |       |       |     1 ||     1
  Use: Scroll            |     1 |    12 |    12 |     4 ||    29
       Potion            |       |       |     7 |     3 ||    10
 Stab: Sleeping          |       |       |     2 |       ||     2
       Fleeing           |       |       |       |     1 ||     1
Armor: Chain mail        |     3 |       |       |       ||     3
       Scale mail        |     7 |       |       |       ||     7
       Leather armour    |       |    24 |    54 |    29 ||   107
Dodge: Dodged            |     8 |    85 |   126 |   170 ||   389
